AoeStats
← Bro Creation

Arabian Desert

510738242Analyzed
1v1 RM · 16h ago on Oct 2, 2026· 42m 19s· 2 players
Game mode
Random Map
Map size
Tiny (2 player)
Population
200
Speed
Normal
Resources
Standard
Victory
Conquest
Starting age
Dark Age
Ending age
Imperial Age
RankedLock teamsTeams togetherTeam positionsShared explorationLock speedFull tech treeHidden civsTurbo modeCheats
Victory
Defeat
🇵🇰 Koreans · Pakistan
2192
+15
🇨🇳 Ethiopians · China
2163
-15
Yusutia
6:43 Loom
9:12 Feudal Age
9:50 Double-Bit Axe
9:29 Man-at-Arms
11:17 Horse Collar
14:42 Fletching
22:13 Castle Age
21:13 Gold Mining
25:58 Scale Barding Armor
26:03 Forging
33:49 Wheelbarrow
32:59 Town Watch
Bro Creation
6:17 Loom
9:11 Feudal Age
9:57 Double-Bit Axe
16:07 Fletching
21:59 Castle Age
21:11 Horse Collar
22:53 Bodkin Arrow
22:37 Elite Skirmisher
27:21 Heavy Plow
27:32 Bow Saw
28:36 Scale Mail Armor
28:46 Forging
32:11 Wheelbarrow
38:16 Hand Cart
42:03 Imperial Age
40:39 Squires
40:56 Chain Mail Armor
41:17 Iron Casting
41:19 Town Watch
42:15 Elite Fire Lancer
Connection lost

Rejoining the realm…

Still unreachable

The connection could not be restored.

Session expired

The server has moved on; the page needs a fresh start.